 Dungeon Crawl Stone Soup version 0.30-a0-1043-g60ff8d5f49 (webtiles) character file.

Game seed: 8998811154602279394

1004 Danienth the Chiller (level 8, 0/57 HPs)
             Began as a Demonspawn Ice Elementalist on Apr 8, 2023.
             Succumbed to Rudyous's ghost's poison
             ... on level 5 of the Dungeon on Apr 9, 2023.
             The game lasted 00:48:06 (3910 turns).

Danienth the Chiller (Demonspawn Ice Elementalist)  Turns: 3910, Time: 00:48:06

Health: 0/57       AC:  7    Str:  8    XL:     8   Next: 0%
Magic:  13/14      EV: 12    Int: 20    God:
Gold:   231        SH:  0    Dex: 13    Spells: 9/16 levels left

rFire   + . .      SeeInvis .    m - +4 dagger of the Crypt {heavy, +Blink rF+ rC+}
rCold   + . .      Faith    +    (no shield)
rNeg    . . .      Spirit   .    f - +0 leather armour
rPois   .          Reflect  .    h - +0 helmet
rElec   .          Rampage  .    (no cloak)
rCorr   .                        v - +0 pair of gloves
Will    .....                    q - +0 pair of boots
Stlth   ++                       u - amulet of faith
HPRegen 0.29/turn                (no ring)
MPRegen 0.28/turn                (no ring)

@: lethally poisoned (0 -> -2)
A: powered by death 1, magic regeneration, sharp scales 1, demonic touch 1
a: Evoke Blink


You were on level 5 of the Dungeon.
You visited 1 branch of the dungeon, and saw 5 of its levels.

You collected 270 gold pieces.
You spent 39 gold pieces at shops.

Inventory:

Hand Weapons
 d - a +0 dagger
 i - a +2 short sword of holy wrath
 m - the +4 dagger of the Crypt (weapon) {heavy, +Blink rF+ rC+}
   (You found it on level 2 of the Dungeon)

   rF:        It protects you from fire.
   rC:        It protects you from cold.
   +Blink:    It lets you blink.
 x - a +4 sling
 B - a +5 dagger
Missiles
 s - a boomerang
 D - 2 poisoned darts
Armour
 a - a +0 robe
 c - a +0 hat
 f - a +0 leather armour (worn)
 h - a +0 helmet (worn)
 q - a +0 pair of boots (worn)
 r - an orb of guile
 v - a +0 pair of gloves (worn)
Jewellery
 b - an amulet of reflection
 u - an amulet of faith (around neck)
Scrolls
 e - a scroll of poison {unknown}
 g - a scroll of noise
 k - a scroll of butterflies
 l - a scroll of magic mapping {unknown}
 o - a scroll of silence {unknown}
 w - a scroll of amnesia {unknown}
 y - 2 scrolls of teleportation {unknown}
 C - a scroll of vulnerability {unknown}
Potions
 j - a potion of magic
 n - a potion of berserk rage (quivered) {unknown}
 t - a potion of heal wounds {unknown}
 z - a potion of mutation {unknown}
 A - a potion of cancellation
 E - a potion of might
 F - a potion of brilliance {unknown}
 G - a potion of ambrosia {unknown}


   Skills:
 + Level 2.3 Fighting
 * Level 3.8 Short Blades
 + Level 1.1 Throwing
 + Level 2.6 Armour
 + Level 2.5 Dodging
 + Level 2.2 Stealth
 + Level 4.5 Spellcasting
 + Level 5.2 Ice Magic


You had 9 spell levels left.
You knew the following spells:

 Your Spells              Type           Power      Damage    Failure   Level
a - Freeze                Ice            100%       1d10      1%          1
b - Frozen Ramparts       Ice            50%        1d8       6%          3
c - Ozocubu's Armour      Ice            25%        N/A       6%          3

Your spell library contained the following spells:

 Spells                   Type           Power      Damage    Failure   Level
 Magic Dart               Conj           16%        1d3       17%         1
 Call Imp                 Summ           8%         N/A       26%         2
 Scorch                   Fire           8%         2d5       26%         2
 Ignite Poison            Fire/Tmut/Pois 4%         N/A       45%         3
 Mephitic Cloud           Conj/Pois/Air  4%         N/A       45%         3
 Vhi's Electric Charge    Tloc/Air       8%         N/A       45%         3
 Summon Ice Beast         Ice/Summ       14%        N/A       52%         4
 Flame Wave               Conj/Fire      4%         2d5       86%         4
 Sticky Flame             Conj/Fire      4%         2d3       86%         4
 Arcjolt                  Conj/Air       2%         1d12      99%         5
 Summon Cactus Giant      Summ           2%         N/A       100%        6
 Ignition                 Fire           2%         3d3       100%        8
 Maxwell's Capacitive Co  Air            2%         ∞         100%        8


Dungeon Overview and Level Annotations

Branches:
Dungeon (5/15)
 Temple: D:4-7

Altars:
Trog

Shops:
D:2 :   D:3 !


Innate Abilities, Weirdness & Mutations

You regenerate a little health from kills.
You regenerate magic rapidly.
You are partially covered in razor-sharp scales. (AC +1, Slay +1)
Your touch may inflict minor irresistible damage on your foes.


Message History

The cerulean imp closely misses you. The cerulean imp barely misses you.
Rudyous's ghost is frozen!
The wall freezes Rudyous's ghost!
Rudyous's ghost closely misses you.
The cerulean imp hits you but does no damage.
The cerulean imp barely misses you.
You puncture Rudyous's ghost!
You destroy Rudyous's ghost!
The cerulean imp disappears in a puff of smoke! x2
You feel very sick. Something hits you but does no damage.
Your Fighting skill increases to level 2!
Your Throwing skill increases to level 1!
You have reached level 8!
You feel clever.
It was a potion of cancellation.
Your magical effects are unravelling.
You feel magically purged.
Your icy armour evaporates.
The frozen ramparts melt away.
You feel a little less mighty now.
* * * LOW HITPOINT WARNING * * *
You feel sick. Something barely misses you.
Keep disrobing?
Uppercase [Y]es or [N]o only, please.
Keep disrobing?
* * * LOW HITPOINT WARNING * * *
You feel sick. Something hits you but does no damage.
You start removing your amulet.
You continue taking off your amulet of faith.
* * * LOW HITPOINT WARNING * * *
You feel sick.
You continue taking off your amulet of faith.
* * * LOW HITPOINT WARNING * * *
You feel sick. Something hits you.
* * * LOW HITPOINT WARNING * * *
You continue taking off your amulet of faith.
* * * LOW HITPOINT WARNING * * *
You feel sick. Something hits you but does no damage.
You continue taking off your amulet of faith.
You die...

..#+#.....# # ..#...?
..#..........# # ..#.#..
#.#.....>....# #
..#..#.#..#..........# #
.#.#...#.#......##### #
#.......#......#######
#.....).#.............
..###'†'###.............
.......@......#.........
.........[....#.........
...#.(.##...#.#.........
. #... #)..#.........##
....................##
.....................##
......................##
..|...........##########
.........# #


There were no monsters in sight!

Vanquished Creatures
  The ghost of Rudyous the Ducker, a novice DjFE (D:5)
  An ice beast (D:5)
  2 ogres
  A phantom (D:4)
  A scorpion (D:5)
  2 hounds (D:5)
  A gnoll bouda (D:4)
  A sleepcap (D:5)
  6 gnolls (D:4)
  3 adders
  2 white imps (D:5)
  A worm (D:5)
  3 dart slugs
  15 orcs
  5 endoplasms
  3 giant cockroaches
  7 goblins
  8 hobgoblins
  17 jackals
  8 kobolds
  4 quokkas
  7 ball pythons
  9 bats
  3 frilled lizards
  6 rats
117 creatures vanquished.

Notes
Turn   | Place    | Note
-------+----------+-------------------------------------------
     0 | D:1      | Danienth the Demonspawn Ice Elementalist began the quest
                  | for the Orb.
     0 | D:1      | Reached XP level 1. HP: 13/13 MP: 3/3
   230 | D:1      | Gained mutation: Your touch may inflict minor irresistible
                  | damage on your foes. [demonic ancestry]
   230 | D:1      | Reached XP level 2. HP: 19/19 MP: 3/5
   372 | D:1      | Reached skill level 4 in Ice Magic
   536 | D:1      | Gained mutation: You are partially covered in razor-sharp
                  | scales. (AC +1, Slay +1) [demonic ancestry]
   536 | D:1      | Reached XP level 3. HP: 20/24 MP: 1/6
   814 | D:1      | Upgraded the game from 0.30-a0-1035-g38d5fb2972 to
                  | 0.30-a0-1043-g60ff8d5f49
  1560 | D:2      | Identified the +4 dagger of the Crypt {heavy, +Blink rF+
                  | rC+}
  1647 | D:2      | Found Hyal's Book Shop.
  1829 | D:2      | Reached XP level 4. HP: 30/30 MP: 4/7
  1896 | D:2      | Found a bloodstained altar of Trog.
  2128 | D:3      | Learned a level 3 spell: Frozen Ramparts
  2191 | D:3      | Found Paumegib's Distillery.
  2199 | D:3      | Bought a potion of curing for 39 gold pieces
  2249 | D:3      | Reached skill level 1 in Short Blades
  2775 | D:3      | Gained mutation: You regenerate magic rapidly. [demonic
                  | ancestry]
  2775 | D:3      | Reached XP level 5. HP: 34/35 MP: 9/9
  2779 | D:3      | Learned a level 3 spell: Ozocubu's Armour
  2936 | D:4      | Noticed an ogre
  2941 | D:4      | Killed an ogre
  2942 | D:4      | Reached skill level 1 in Armour
  3093 | D:4      | Reached skill level 1 in Fighting
  3096 | D:4      | Reached XP level 6. HP: 25/43 MP: 4/10
  3473 | D:5      | Entered Level 5 of the Dungeon
  3491 | D:5      | Noticed an ice beast
  3503 | D:5      | Killed an ice beast
  3504 | D:5      | Gained mutation: You regenerate a little health from kills.
                  | [demonic ancestry]
  3504 | D:5      | Reached XP level 7. HP: 38/48 MP: 12/12
  3576 | D:5      | Reached skill level 5 in Ice Magic
  3869 | D:5      | Found a runed translucent gate.
  3870 | D:5      | Found a runed translucent gate.
  3871 | D:5      | Found a runed translucent gate.
  3871 | D:5      | Noticed Rudyous's ghost (novice DjFE)
  3904 | D:5      | Killed Rudyous's ghost
  3905 | D:5      | Reached skill level 1 in Throwing
  3905 | D:5      | Reached XP level 8. HP: 8/57 MP: 12/14
  3908 | D:5      | HP: 1/57 [something (2)]
  3910 | D:5      | Succumbed to Rudyous's ghost's poison

Illustrated notes

Levels and vault maps discovered:
D:1:      psy_arrival_conway, layout_basic
D:2:      layout_loops_cross, basic_altar, serial_shops, shop
D:3:      layout_loops_ring, serial_shops, nicolae_shop_hallway_stairs
D:4:      layout_basic
D:5:      layout_basic, minmay_temple_entry_proselytizer, gammafunk_ghost_split,
          uniq_menkaure, uniq_eustachio

Skill      XL: |  1  2  3  4  5  6  7 |
---------------+----------------------+-----
Dodging        | 2 |  2.5
Ice Magic      | 4 5 |  5.2
Short Blades   | 1 2 3 |  3.8
Stealth        | 2 |  2.2
Armour         | 1 2 |  2.6
Spellcasting   | 3 4 |  4.5
Fighting       | 1 2 |  2.3
Throwing       | 1 |  1.1

Action                     |  1- 3 |  4- 6 |  7- 9 || total
---------------------------+-------+-------+-------++-------
  Melee: Dagger            |    20 |    79 |    21 ||   120
         Touch             |     2 |    11 |     4 ||    17
         Punch             |     2 |       |     1 ||     3
  Throw: Boomerang         |       |    18 |       ||    18
   Cast: Freeze            |    61 |    27 |     8 ||    96
         Frozen Ramparts   |       |     3 |     2 ||     5
         Ozocubu's Armour  |       |     1 |     1 ||     2
    Use: Potion            |     1 |     2 |     4 ||     7
         Scroll            |     2 |     2 |     2 ||     6
   Stab: Sleeping          |     5 |     2 |       ||     7
 Armour: Robe              |     4 |       |       ||     4
         Leather armour    |    15 |    35 |    29 ||    79
  Dodge: Dodged            |    37 |    70 |    28 ||   135

Table legend: (Time is in decaauts)
 A = Elapsed time spent in this place.
 B = Non-inter-level travel time spent in this place.
 C = Inter-level travel time spent in this place.
 D = Time resting spent in this place.
 E = Time spent auto-exploring this place.
 F = Levels seen in this place.
 G = Mean time per level.
                   A        B        C        D        E       F      G
               +--------+--------+--------+--------+--------+-----+--------+
         Total |   3953 |   3503 |    450 |    517 |   2150 |   5 |  790.6 |
       Dungeon |   3953 |   3503 |    450 |    517 |   2150 |   5 |  790.6 |
               +--------+--------+--------+--------+--------+-----+--------+

Top non-repeatable levels by time:
     D:1: 1369 daAuts
     D:3: 901 daAuts
     D:2: 686 daAuts
     D:4: 549 daAuts
     D:5: 447 daAuts
